 Dungeon Crawl Stone Soup version 0.30-a0-596-g0af90f9a20 (webtiles) character file.

Game seed: 7923190698775398401

34649 spardeous the Spry (level 13, -11/61 HPs)
             Began as a Felid Earth Elementalist on Jan 6, 2023.
             Was an Initiate of Gozag.
             Mangled by an orc knight
             ... wielding a +0 battleaxe
              (32 damage)
             ... on level 2 of the Orcish Mines.
             The game lasted 01:15:35 (36981 turns).

spardeous the Spry (Felid Earth Elementalist)      Turns: 36981, Time: 01:15:36

Health: -11/61     AC:  3    Str:  2 (4)  XL:     13   Next: 43%
Magic:  9/28       EV: 38    Int: 20      God:    Gozag
Gold:   5025       SH:  0    Dex: 24      Spells: 24/32 levels left
                                        Lives:  0   Deaths: 3

rFire   . . .      SeeInvis +      - Unarmed
rCold   + + .      Faith    .    (shield unavailable)
rNeg    . . .      Spirit   .    (body armour unavailable)
rPois   .          Reflect  .    (helmet unavailable)
rElec   .          Harm     .    (cloak unavailable)
rCorr   .          Rampage  .    (gloves unavailable)
Will    ++...      Rnd*Tele +    (boots unavailable)
Stlth   +++                      G - amulet of the acrobat
HPRegen 0.00/turn                E - +5 ring of evasion
MPRegen 0.21/turn                L - ring of Feixiakk {rC+ Will+ Dex+6}

@: gold aura, inhibited regen, unable to read, quick
A: very small, claws 1, fangs 3, see invisible, speed 1, shaggy fur 3, stealthy
paws, no weapons or thrown items, no armour, multi-lived, deterioration 2, sense
surroundings 1, inhibited regeneration, teleportitis 1, wild magic 1, inability
to read after injury 1, devolution 1
a: Renounce Religion, Potion Petition, Call Merchant, Bribe Branch


You were on level 2 of the Orcish Mines.
You worshipped Gozag.
Gozag was greatly pleased with you.
You visited 4 branches of the dungeon, and saw 22 of its levels.
You also visited: Gauntlet.

You collected 6977 gold pieces.
You spent 220 gold pieces at shops.
You paid 1732 gold pieces to Gozag.

Inventory:

Jewellery
 h - a +6 ring of dexterity
 o - a +6 ring of strength
 v - an amulet of reflection
 x - a ring of willpower
 C - a ring of flight
 E - a +5 ring of evasion (left paw)
 F - a +6 ring of intelligence
 G - an amulet of the acrobat (around neck)
 K - a ring of poison resistance
 L - the ring of Feixiakk (right paw) {rC+ Will+ Dex+6}
   (You found it in a Gauntlet)

   [ring of dexterity]

   Dex:       It affects your dexterity (+6).
   rC:        It protects you from cold.
   Will:      It increases your willpower.
 M - a ring of resist corrosion
 O - a +4 ring of protection
 P - a ring of fire
 S - a ring of protection from fire
Wands
 y - a wand of charming (12)
 H - a wand of iceblast (19)
 Q - a wand of mindburst (7)
 R - a wand of light (9)
 U - a wand of polymorph (5)
Scrolls
 f - 6 scrolls of blinking
 g - 2 scrolls of brand weapon
 i - 8 scrolls of vulnerability
 l - 5 scrolls of teleportation
 n - 4 scrolls of enchant weapon
 p - 2 scrolls of fog
 s - 3 scrolls of fear
 u - 2 scrolls of immolation
 A - 3 scrolls of silence
 B - 3 scrolls of noise
 D - 6 scrolls of enchant armour
 T - a scroll of amnesia
Potions
 a - 2 potions of magic
 c - 4 potions of resistance
 d - 4 potions of attraction
 e - 4 potions of flight
 j - 4 potions of brilliance
 k - 12 potions of curing
 m - 4 potions of degeneration
 q - 4 potions of berserk rage
 t - a potion of heal wounds
 w - 3 potions of might
 z - 2 potions of lignification
 I - 2 potions of cancellation


   Skills:
 - Level 10.0 Fighting
 + Level 15.0 Dodging
 - Level 2.6 Stealth
 - Level 10.0 Unarmed Combat
 - Level 10.2 Spellcasting
 - Level 10.0 Conjurations
 - Level 8.2 Transmutations
 - Level 11.7 Earth Magic
 - Level 5.1 Evocations


You had 24 spell levels left.
You knew the following spells:

 Your Spells              Type           Power      Damage    Failure   Level
a - Sandblast             Erth           100%       2d20      1%          1
b - Stone Arrow           Conj/Erth      100%       3d13      1%          3
c - Petrify               Tmut/Erth      60%        N/A       2%          4

Your spell library contained the following spells:

 Spells                   Type           Power      Damage    Failure   Level
 Passwall                 Tmut/Erth      50%        N/A       1%          2
 Sting                    Tmut/Pois      100%       1d8       2%          1
 Dazzling Flash           Conj/Hex       78%        N/A       4%          3
 Spider Form              Tmut/Pois      34%        N/A       6%          3
 Apportation              Tloc           26%        N/A       11%         1
 Necrotise                Necr           52%        1d6       11%         1
 Ignite Poison            Fire/Tmut/Pois 27%        N/A       11%         3
 Sticky Flame             Conj/Fire      39%        2d6       13%         4
 Ensorcelled Hibernation  Hex/Ice        26%        N/A       16%         2
 Poisonous Vapours        Pois/Air       26%        N/A       16%         2
 Tukima's Dance           Hex            13%        N/A       28%         3
 Vampiric Draining        Necr           13%        2d6       28%         3
 Alistair's Intoxication  Tmut/Pois      22%        N/A       43%         5
 Yara's Violent Unravell  Hex/Tmut       17%        3d8       43%         5
 Anguish                  Hex/Necr       6%         N/A       65%         4
 Olgreb's Toxic Radiance  Pois           13%        N/A       65%         4
 Passage of Golubria      Tloc           13%        N/A       65%         4
 Agony                    Necr           13%        N/A       92%         5
 Silence                  Hex/Air        6%         N/A       92%         5
 Ignition                 Fire           6%         3d4       100%        8


Dungeon Overview and Level Annotations

Branches:
Dungeon (14/15)            Temple (1/1) D:6            Lair (5/5) D:9
  Swamp (0/4) Lair:3       Spider (0/4) Lair:2        Slime (0/5) Lair:5
    Orc (2/2) D:11            Elf (0/3) Orc:2       Gauntlet (visited)
 Vaults: D:13-14

Altars:
Ashenzari
Cheibriados
Dithmenos
Elyvilon
Fedhas
Gozag
Hepliaklqana
Kikubaaqudgha
Makhleb
Nemelex Xobeh
Okawaru
Qazlal
Ru
Sif Muna
Trog
Uskayaw
Vehumet
Wu Jian
Xom
Yredelemnul
Zin
The Shining One
Jiyva

Shops:
D:9 !=

Annotations:
Lair:5 1 runed translucent door


Innate Abilities, Weirdness & Mutations

You have sharp claws.
You have razor-sharp teeth.
You have supernaturally acute eyesight. (SInv)
You cover ground quickly. (Speed+)
Your thick and shaggy fur keeps you warm. (AC +3, rC+)
Your paws help you pounce on unaware monsters.
You are incapable of wielding weapons or throwing items.
You cannot wear armour.
You gain extra lives every three experience levels.
Your body often deteriorates upon taking damage.
You passively map a small area around you.
You do not regenerate when monsters are visible.
You are occasionally teleported next to monsters.
Your spells are a little harder to cast, but a little more powerful.
You occasionally lose the ability to read scrolls when taking damage.
You have hidden genetic defects.


Message History

Casting: Stone Arrow (safe; 1% risk of failure)
Confirm with . or Enter, or press ? or * to list all spells.
Aiming: Stone Arrow (safe; 1% risk of failure)
Press: ? - help, Shift-Dir - straight line, f/p - orc warrior
Aim: an orc warrior, wielding a +0 scimitar and wearing a +0 plate armour (lightly wounded, strong, 78% to hit)
The stone arrow hits the orc knight!
The orc knight is severely wounded.
Casting: Stone Arrow (safe; 1% risk of failure)
Confirm with . or Enter, or press ? or * to list all spells.
Aiming: Stone Arrow (safe; 1% risk of failure)
Press: ? - help, Shift-Dir - straight line, f/p - orc warrior
Aim: an orc warrior, wielding a +0 scimitar and wearing a +0 plate armour (lightly wounded, strong, 78% to hit)
The stone arrow hits the orc knight!
The orc knight is severely wounded.
The orc knight roars a battlecry!
The orc knight goes into a battle-frenzy!
There is a stone staircase leading up, spattered with blood here.
Things that are here:
a +0 leather armour; a +0 club
Casting: Stone Arrow (safe; 1% risk of failure)
Confirm with . or Enter, or press ? or * to list all spells.
Aiming: Stone Arrow (safe; 1% risk of failure)
Press: ? - help, Shift-Dir - straight line, f/p - orc warrior
Aim: an orc warrior, wielding a +0 scimitar and wearing a +0 plate armour (lightly wounded, strong, 78% to hit)
The stone arrow hits the orc warrior!!
The orc warrior is almost dead.
The orc knight closely misses you. The orc warrior misses you.
Casting: Stone Arrow (safe; 1% risk of failure)
Confirm with . or Enter, or press ? or * to list all spells.
Aiming: Stone Arrow (safe; 1% risk of failure)
Press: ? - help, Shift-Dir - straight line, f/p - orc warrior
Aim: an orc warrior, wielding a +0 scimitar and wearing a +0 plate armour (almost dead, strong, 78% to hit)
The stone arrow hits the orc warrior!
You kill the orc warrior!
The orc knight completely misses you.
The orc knight hits you with a +0 battleaxe!!
You feel threatened and lose the ability to read scrolls!
Ouch! That really hurt!
You die...
Your body crumbles into a pile of gold.

..# ###### ##.......... ,
..$###..#.###........#...
*
...$#......#..........#.#
,
,#∩...o......###.......,
* * $
*##..##.......#........ ~
##...##.#............#
..##....####.............
,
...##....#..............#
~
#...$...$......o@)...#.##
#..............o[[....# *
#...........$........##
...$#...#.$........$$..<#
.........................
*
..............$....#.....
* ,
.....#.....#.............
,
.........................
*
.......$.>........#......
*


You could see 2 orc knights.

Vanquished Creatures
  Kirke (D:12)
  Gastronok (Lair:1)
  A cacodemon (Gauntlet)
  Snorg (Lair:3)
  Josephine (D:13)
  An ice dragon (Lair:5)
  A hydra (Lair:2)
  Fannar (D:12)
  Harold (D:11)
  2 catoblepae
  2 boulder beetles (D:12)
  2 centaur warriors
  6 two-headed ogres
  The ghost of sokol815 the Cleaver, a journeyman OpFi of Gozag (D:11)
  12 death yaks
  Urug (Lair:4)
  A wretched star (Gauntlet)
  The ghost of BitJockey the Thaumaturge, a novice DECj of Vehumet (D:8)
  A glowing orange brain (Gauntlet)
  6 wizards (D:10)
  An orc knight (Orc:2)
  2 lindwurms (Lair:5)
  Pikel (D:6)
  A deep elf pyromancer (D:12)
  A wolf spider (Lair:1)
  An oklob plant (Lair:4)
  2 ugly things
  2 moths of wrath
  A worldbinder (Gauntlet)
  2 cyclopes
  7 elephants
  Joseph (D:8)
  A molten gargoyle (Lair:4)
  A black mamba (Lair:4)
  6 torpor snails
  2 gargoyles
  11 cane toads
  5 rime drakes
  Maggie (D:7)
  An efreet (D:12)
  7 komodo dragons
  A kobold demonologist (D:9)
  12 trolls
  2 meliai
  10 polar bears
  3 tyrant leeches (Lair:5)
  The ghost of Ekaitz the Firebug, an amateur DsFE (D:5)
  Prince Ribbit (D:5)
  7 hornets (Lair:5)
  10 blink frogs
  5 dream sheep (Lair:5)
  5 slime creatures (D:12)
  Sigmund (D:5)
  A vampire (D:13)
  6 wraiths
  2 shadows
  6 wyverns
  A human (shapeshifter) (D:13)
  4 hogs (D:13)
  73 yaks
  5 basilisks
  13 vampire mosquitoes
  3 neqoxecs (Gauntlet)
  Menkaure (D:6)
  2 wargs (Orc:1)
  A two-headed ogre zombie (D:11)
  An acid dragon (D:9)
  Edmund (D:5)
  22 water moccasins
  12 orc warriors
  8 black bears (Lair:1)
  A sky beast (D:7)
  2 ice beasts
  A boggart (Gauntlet)
  4 ogres
  24 wolves
  10 centaurs
  3 phantoms
  3 kobold brigands
  10 bullfrogs
  4 gnoll sergeants (D:8)
  A scorpion (D:6)
  12 wights
  2 troll zombies (D:11)
  9 killer bees
  4 howler monkeys
  An electric eel (D:7)
  2 hounds
  2 gnoll boudas
  8 orc priests
  2 bullfrog skeletons (D:5)
  A jelly (D:4)
  2 iguanas
  Jessica (D:2)
  Terence (D:2)
  Natasha (thrice) (D:4)
  9 orc wizards
  A killer bee zombie (D:5)
  A small abomination (Gauntlet)
  5 ogre zombies (D:11)
  A howler monkey zombie (D:5)
  11 gnolls
  5 adders
  3 white imps
  2 ufetubi
  6 worms
  A dart slug (D:1)
  29 orcs
  4 bats
  8 endoplasms
  4 giant cockroaches
  7 goblins
  6 hobgoblins
  A jackal (D:3)
  17 kobolds
  3 quokkas
  6 ball pythons
  11 frilled lizards
  A goblin skeleton (D:11)
  3 goblin zombies (D:11)
  A hobgoblin skeleton (D:11)
  2 hobgoblin zombies (D:11)
  An orc skeleton (D:11)
  17 orc zombies (D:11)
  11 rats
611 creatures vanquished.

Vanquished Creatures (others)
  28 fungi
  49 plants
77 creatures vanquished.

Grand Total: 688 creatures vanquished

Notes
Turn   | Place    | Note
-------+----------+-------------------------------------------
     0 | D:1      | spardeous the Felid Earth Elementalist began the quest for
                  | the Orb.
     0 | D:1      | Reached XP level 1. HP: 7/7 MP: 4/4
   114 | D:1      | Reached skill level 3 in Dodging
   213 | D:2      | Reached XP level 2. HP: 11/11 MP: 4/6
   588 | D:3      | Reached XP level 3. HP: 10/14 MP: 1/7
   662 | D:3      | Found a glowing golden altar of the Shining One.
   667 | D:3      | Found a basalt altar of Yredelemnul.
   669 | D:3      | Noticed a profane servitor
   680 | D:3      | Reached skill level 4 in Dodging
   748 | D:4      | Noticed Natasha
   748 | D:4      | Noticed an ogre
   748 | D:4      | Found a shadowy altar of Dithmenos.
   751 | D:4      | Killed an ogre
   752 | D:4      | Reached skill level 5 in Dodging
   752 | D:4      | Reached XP level 4. HP: 18/18 MP: 4/8
   791 | D:4      | Killed Natasha
   792 | D:4      | Reached XP level 5. HP: 15/21 MP: 5/9
   873 | D:4      | Noticed Natasha
   878 | D:4      | Killed Natasha
  1074 | D:4      | Noticed Natasha
  1081 | D:4      | Killed Natasha
  1362 | D:4      | Reached skill level 6 in Dodging
  1446 | D:4      | Gained mutation: You are covered in thick fur. (AC +2)
                  | [Felid growth]
  1446 | D:4      | Reached XP level 6. HP: 24/24 MP: 7/10
  1688 | D:5      | Entered Level 5 of the Dungeon
  1899 | D:5      | Noticed Prince Ribbit
  1908 | D:5      | Killed Prince Ribbit
  1909 | D:5      | Reached skill level 7 in Dodging
  1909 | D:5      | Reached skill level 5 in Earth Magic
  2009 | D:5      | Reached XP level 7. HP: 16/27 MP: 8/11
  2177 | D:5      | Found a snail-covered altar of Cheibriados.
  2178 | D:5      | Found a burning altar of Makhleb.
  2196 | D:5      | Found a transporter.
  2198 | D:5      | Noticed Edmund
  2250 | D:5      | Killed Edmund
  2340 | D:5      | Found a transporter.
  2342 | D:5      | Noticed Ekaitz's ghost (amateur DsFE)
  2441 | D:5      | Noticed Sigmund
  2455 | D:5      | Slain by Sigmund
  2456 | D:5      | Reached XP level 6. HP: 0/24 MP: 2/10
  2572 | D:5      | Reached skill level 8 in Dodging
  2742 | D:5      | Killed Sigmund
  2743 | D:5      | Reached XP level 7. HP: 27/27 MP: 6/11
  3073 | D:6      | Noticed Menkaure
  3080 | D:6      | Killed Menkaure
  3081 | D:6      | Reached skill level 9 in Dodging
  3345 | D:6      | Noticed Pikel
  3361 | D:6      | Found a staircase to the Ecumenical Temple.
  3378 | D:6      | Killed Pikel
  3379 | D:6      | Reached skill level 10 in Dodging
  3379 | D:6      | Reached XP level 8. HP: 31/31 MP: 8/12
  3795 | Temple   | Entered the Ecumenical Temple
  3890 | Temple   | Became a worshipper of Gozag Ym Sagoz the Greedy
  4114 | D:3      | Reached skill level 11 in Dodging
  5048 | D:2      | Noticed Terence
  5061 | D:2      | Killed Terence
  5272 | D:2      | Noticed Jessica
  5274 | D:2      | Killed Jessica
  6743 | D:5      | Reached skill level 1 in Fighting
  6979 | D:5      | Killed Ekaitz's ghost
  7074 | D:7      | Reached XP level 9. HP: 37/37 MP: 8/13
  7130 | D:7      | Learned a level 3 spell: Stone Arrow
  7135 | D:7      | Learned a level 4 spell: Petrify
  7493 | D:7      | Reached skill level 1 in Conjurations
  8050 | D:7      | Noticed Maggie
  8072 | D:7      | Killed Maggie
  8221 | D:7      | You fall into a shaft and drop 2 floors!
  8222 | D:9      | Noticed a death yak
  8508 | D:8      | Noticed a moth of wrath
  8518 | D:8      | Noticed BitJockey's ghost (novice DECj)
  8569 | D:8      | Found a transporter.
  8573 | D:8      | Found a transporter.
  8574 | D:8      | Found a bloodstained altar of Trog.
  8737 | D:8      | Noticed a two-headed ogre
  8739 | D:8      | Noticed Joseph
  8809 | D:8      | Killed a two-headed ogre
  8810 | D:8      | Reached skill level 10 in Earth Magic
  8810 | D:8      | Reached XP level 10. HP: 42/42 MP: 12/14
  9007 | D:8      | Found a white marble altar of Elyvilon.
  9040 | D:8      | Reached skill level 5 in Conjurations
  9211 | D:8      | Killed Joseph
  9782 | D:9      | Noticed a two-headed ogre
  9836 | D:9      | Killed a two-headed ogre
  9983 | D:9      | Noticed a white ugly thing
 10066 | D:9      | Killed a white ugly thing
 10365 | D:9      | Noticed an orange demon
 10463 | D:9      | Noticed a cyclops
 10475 | D:9      | Killed a cyclops
 10480 | D:9      | Identified the +2 mace of Discretion {pain, rCorr}
 10480 | D:9      | Noticed a centaur warrior
 10545 | D:9      | Reached XP level 11. HP: 45/45 MP: 3/15
 10832 | D:9      | Killed a centaur warrior
 10861 | D:9      | Noticed a death yak
 10862 | D:9      | Noticed a death yak
 10862 | D:9      | Noticed a death yak
 10863 | D:9      | Noticed a death yak
 10863 | D:9      | Noticed a death yak
 10864 | D:9      | Noticed a death yak
 11152 | D:9      | Killed a death yak
 11185 | D:9      | Killed a death yak
 11606 | D:9      | Found a staircase to the Lair.
 11786 | D:9      | Killed a death yak
 11787 | D:9      | Reached skill level 5 in Fighting
 11960 | D:9      | Killed a death yak
 12079 | D:9      | Killed a death yak
 12319 | D:9      | Killed a death yak
 12396 | D:9      | Killed a death yak
 13978 | D:8      | Killed BitJockey's ghost
 14240 | D:9      | Bought a potion of curing for 33 gold pieces
 14240 | D:9      | Bought 2 potions of curing for 66 gold pieces
 14240 | D:9      | Bought a potion of lignification for 33 gold pieces
 14240 | D:9      | Bought a potion of flight for 33 gold pieces
 14240 | D:9      | Bought a potion of berserk rage for 55 gold pieces
 14268 | D:10     | Entered Level 10 of the Dungeon
 14522 | D:10     | Reached skill level 10 in Conjurations
 14634 | D:10     | Noticed a wizard
 14635 | D:10     | Noticed a two-headed ogre
 14637 | D:10     | Killed a wizard
 14638 | D:10     | Gained mutation: Your thick and shaggy fur keeps you warm.
                  | (AC +3, rC+) [Felid growth]
 14638 | D:10     | Reached XP level 12. HP: 54/54 MP: 6/17
 14664 | D:10     | Killed a two-headed ogre
 14952 | D:10     | Reached skill level 5 in Spellcasting
 15263 | D:10     | Found the +3 warlock's mirror {reflect}
 15559 | D:10     | Noticed a two-headed ogre
 15581 | D:10     | Killed a two-headed ogre
 16253 | D:11     | Found a staircase to the Orcish Mines.
 16898 | D:11     | Found a runed translucent door.
 16899 | D:11     | Noticed sokol815's ghost (journeyman OpFi)
 16969 | D:11     | Noticed Harold
 17032 | D:11     | Reached skill level 5 in Transmutations
 17377 | D:11     | Killed Harold
 17673 | D:11     | Noticed a two-headed ogre
 17683 | D:11     | Killed a two-headed ogre
 18094 | D:11     | Killed sokol815's ghost
 18357 | D:12     | Noticed a boulder beetle
 18519 | D:12     | Killed a boulder beetle
 18520 | D:12     | Reached skill level 1 in Evocations
 18520 | D:12     | Reached XP level 13. HP: 57/57 MP: 4/24
 19431 | D:12     | Noticed Fannar
 19450 | D:12     | Killed Fannar
 19742 | Lair:1   | Entered Level 1 of the Lair of Beasts
 19879 | D:9      | Reached skill level 5 in Evocations
 20667 | Lair:1   | Noticed Gastronok
 20717 | Lair:1   | Killed Gastronok
 20821 | Lair:1   | Reached skill level 12 in Dodging
 21978 | Lair:2   | Found a hole to the Spider Nest.
 22030 | Lair:2   | Reached skill level 13 in Dodging
 23304 | D:9      | Upgraded the game from 0.30-a0-591-g3c58d2bc28 to
                  | 0.30-a0-596-g0af90f9a20
 24453 | D:13     | Noticed Josephine
 24466 | D:13     | Killed Josephine
 24467 | D:13     | Reached skill level 14 in Dodging
 24598 | D:13     | Reached skill level 1 in Unarmed Combat
 24826 | D:13     | Reached XP level 14. HP: 42/61 MP: 5/28
 25106 | D:13     | Noticed Kirke
 25286 | D:12     | Noticed a sphinx
 25286 | D:12     | Killed Kirke
 26368 | Lair:3   | Reached skill level 5 in Unarmed Combat
 26520 | Lair:3   | Noticed Snorg
 26584 | Lair:3   | Killed Snorg
 27430 | Lair:3   | Found a staircase to the Swamp.
 27858 | Lair:4   | Noticed Urug
 28313 | Lair:4   | Killed Urug
 30166 | Lair:5   | Entered Level 5 of the Lair of Beasts
 31599 | Lair:5   | Found a runed translucent door.
 31599 | Lair:5   | Found a viscous altar of Jiyva.
 31599 | Lair:5   | Noticed an azure jelly
 31600 | Lair:5   | Found a staircase to the Slime Pits.
 31600 | Lair:5   | Noticed an azure jelly
 32162 | Lair:5   | Found a runed translucent door.
 32268 | Lair:5   | Paralysed by a hornet for 2 turns
 32269 | Lair:5   | HP: 2/64 [hornet (6)]
 32269 | Lair:5   | Slain by a hornet
 32270 | Lair:5   | Reached XP level 13. HP: -3/60 MP: 9/27
 32508 | Lair:5   | Reached XP level 14. HP: 64/64 MP: 13/28
 32757 | Lair:5   | Reached skill level 10 in Unarmed Combat
 33117 | Lair:5   | Reached skill level 10 in Fighting
 34479 | Orc:1    | Entered Level 1 of the Orcish Mines
 34983 | Orc:2    | Entered Level 2 of the Orcish Mines
 34986 | Orc:2    | Reached skill level 10 in Spellcasting
 35059 | Orc:2    | Found a staircase to the Elven Halls.
 35092 | Orc:2    | Found a gate leading to a gauntlet.
 35101 | Gauntlet | Entered a Gauntlet
 35101 | Gauntlet | Found a transporter.
 35101 | Gauntlet | Found a runed translucent door.
 35194 | Gauntlet | Found a runed translucent door.
 35198 | Gauntlet | Found a transporter.
 35202 | Gauntlet | Found a transporter.
 35210 | Gauntlet | Found a transporter.
 35214 | Gauntlet | Found a transporter.
 35222 | Gauntlet | Found a transporter.
 35226 | Gauntlet | Found a transporter.
 35230 | Gauntlet | Noticed a cacodemon
 35235 | Gauntlet | Found a transporter.
 35238 | Gauntlet | Found a transporter.
 35249 | Gauntlet | Found a transporter.
 35269 | Gauntlet | Found a transporter.
 35281 | Gauntlet | Found a transporter.
 35294 | Gauntlet | Found a transporter.
 35307 | Gauntlet | Found a transporter.
 35578 | Gauntlet | Identified the ring of Feixiakk {rC+ Will+ Dex+6}
 35586 | Gauntlet | Lost strength.
 35885 | Gauntlet | Gained mutation: Your body sometimes deteriorates upon
                  | taking damage. [potion of mutation]
 35886 | Gauntlet | Lost mutation: Your body sometimes deteriorates upon taking
                  | damage. [potion of mutation]
 35886 | Gauntlet | Gained mutation: You occasionally lose the ability to read
                  | scrolls when taking damage. [potion of mutation]
 35886 | Gauntlet | Gained mutation: Your body sometimes deteriorates upon
                  | taking damage. [potion of mutation]
 35886 | Gauntlet | Gained mutation: Your body often deteriorates upon taking
                  | damage. [potion of mutation]
 36228 | Gauntlet | Gained mutation: Your magical capacity is low. (-10% MP) [a
                  | cacodemon]
 36246 | Gauntlet | Gained mutation: You are dopey. (Int -2) [a cacodemon]
 36249 | Gauntlet | Gained mutation: You do not regenerate when monsters are
                  | visible. [a neqoxec]
 36251 | Gauntlet | Gained mutation: You have hidden genetic defects. [a
                  | neqoxec]
 36253 | Gauntlet | Gained mutation: You are occasionally teleported next to
                  | monsters. [a cacodemon]
 36254 | Gauntlet | Gained mutation: Your magical capacity is very low. (-20%
                  | MP) [a cacodemon]
 36258 | Gauntlet | Killed a cacodemon
 36553 | Gauntlet | Lost mutation: You are dopey. (Int -2) [potion of mutation]
 36553 | Gauntlet | Lost mutation: Your magical capacity is very low. (-20% MP)
                  | [potion of mutation]
 36553 | Gauntlet | Lost mutation: Your magical capacity is low. (-10% MP)
                  | [potion of mutation]
 36553 | Gauntlet | Gained mutation: Your spells are a little harder to cast,
                  | but a little more powerful. [potion of mutation]
 36553 | Gauntlet | Gained mutation: You passively map a small area around you.
                  | [potion of mutation]
 36593 | Gauntlet | Identified the +11 dire flail of Midnight {venom, rC- rN+++
                  | Str-3 SInv}
 36593 | Gauntlet | Identified the +2 acid dragon scales "Aselige" {rPois rC+
                  | rCorr}
 36630 | Gauntlet | Shot with a bolt by a minotaur
 36631 | Gauntlet | Reached XP level 13. HP: -10/61 MP: 28/28
 36802 | Orc:1    | Reached skill level 15 in Dodging
 36981 | Orc:2    | Mangled by an orc knight

Illustrated notes

Levels and vault maps discovered:
D:1:      dpeg_arrival_rooms_b, layout_loops_ring, minmay_lizard_pond
D:2:      minmay_alternating_diamond, layout_rooms, uniq_jessica, uniq_terence
D:3:      layout_basic, grunt_temple_overflow_holy_war,
          minmay_fractal_squares_gapless_5
D:4:      layout_cave_pods, grunt_dithmenos_smoke, uniq_natasha
D:5:      layout_loops_corners, gammafunk_temple_overflow_statue,
          gammafunk_ghost_mausoleum, uniq_sigmund, uniq_edmund,
          uniq_prince_ribbit1
D:6:      layout_rooms, minmay_temple_entry_proselytizer,
          hangedman_abyss_or_decor_lesser_grid, grunt_decor_fettered,
          uniq_menkaure, uniq_pikel
D:7:      layout_loops_corners, nicolae_water_bricks, uniq_maggie
D:8:      layout_basic, mainiacjoe_overflow_small_starburst,
          gammafunk_ghost_wrathful_warriors, uniq_joseph
D:9:      minmay_the_grid_four_pointed_star_mashed
          [minmay_the_grid_triangle_9x9_swiss_cheese,
          minmay_the_grid_triangle_9x9_pentomino_pain,
          minmay_the_grid_triangle_9x9_steps,
          minmay_the_grid_triangle_9x9_alien,
          minmay_the_grid_prize_four_corners_diamond_b], layout_basic,
          dpeg_lair_monsters
D:10:     minmay_smoke_and_mirrors, layout_loops_ring
D:11:     layout_layer_cave, zombieorc2_lemuel, gammafunk_ghost_grave,
          uniq_harold
D:12:     layout_layer_cave, uniq_fannar
D:13:     layout_cave_pools, uniq_kirke, uniq_josephine
D:14:     layout_loops_ring, skrybe_vaults_entry_preservation,
          chequers_hall_statues_y, gammafunk_ghost_split, st_stairs_7
Temple:   nicolae_temple_superstar
Lair:1:   beast_lair_carwin_large_4, layout_regular_city,
          nicolae_lair_run_with_the_wolves, grunt_megastairs_1, uniq_gastronok
Lair:2:   nzn_winding_woodlands_three_and_one [nzn_winding_woodlands_5x15_cabin,
          nzn_winding_woodlands_5x15_eye, nzn_winding_woodlands_5x15_parted,
          nzn_winding_woodlands_center_diamonds], layout_regular_city,
          hellmonk_spider_entry_not_the_bees, nzn_sisyphean_effort,
          lemuel_fruit_fields
Lair:3:   layout_cave_pods, swamp_mist, infiniplex_staircase_pool_2,
          lemuel_fruit_fields, uniq_snorg
Lair:4:   layout_gridlike, uniq_urug
Lair:5:   wormcave, layout_cave_pods, slime_entry_2,
          dreamdust_deal_with_the_devil, grunt_megastairs_3
Orc:1:    layout_caves
Orc:2:    grunt_orc_gardens, layout_caves, grunt_orc_garden, grunt_orc_garden,
          grunt_orc_garden, grunt_orc_garden, gauntlet_entry_generic,
          nicolae_orc_bridge_out

Skill      XL: |  1  2  3  4  5  6  7  8  9 10 11 12 13 14 |
---------------+-------------------------------------------+-----
Dodging        | 3 5 6 8 10 11 15 | 15.0
Earth Magic    | 3 4 6 7 8 10 11 | 11.7
Fighting       | 2 3 7 10 | 10.0
Conjurations   | 4 7 10 | 10.0
Spellcasting   | 7 9 10 | 10.2
Transmutations | 8 |  8.2
Evocations     | 1 5 |  5.1
Unarmed Combat | 2 10 | 10.0
Stealth        | |  2.6

Action                   |  1- 3 |  4- 6 |  7- 9 | 10-12 | 13-15 || total
-------------------------+-------+-------+-------+-------+-------++-------
Melee: Unarmed           |     5 |       |     1 |       |    67 ||    73
       Bite              |     2 |       |       |       |    22 ||    24
       Punch             |       |       |       |       |     5 ||     5
 Cast: Sandblast         |    43 |    60 |   278 |   295 |   517 ||  1193
       Stone Arrow       |       |       |       |   150 |   447 ||   597
       Petrify           |       |       |       |     9 |    51 ||    60
Invok: Call Merchant     |       |       |       |     2 |       ||     2
Evoke: Wand              |       |       |       |    19 |     4 ||    23
  Use: Scroll            |       |       |       |    15 |    10 ||    25
       Potion            |       |       |       |       |    11 ||    11
 Stab: Petrified         |       |       |       |       |    51 ||    51
       Petrifying        |       |       |       |       |     3 ||     3
Armor: Skin              |       |       |     2 |     4 |    18 ||    24
Dodge: Dodged            |    20 |    24 |   124 |   164 |   816 ||  1148
Block: Other             |       |       |     2 |    36 |   142 ||   180
       Reflection        |       |       |     2 |     8 |     3 ||    13

Table legend: (Time is in decaauts)
 A = Elapsed time spent in this place.
 B = Non-inter-level travel time spent in this place.
 C = Inter-level travel time spent in this place.
 D = Time resting spent in this place.
 E = Time spent auto-exploring this place.
 F = Levels seen in this place.
 G = Mean time per level.
                   A        B        C        D        E       F      G
               +--------+--------+--------+--------+--------+-----+--------+
         Total |  34413 |  32634 |   1779 |   6605 |  18850 |  23 | 1496.2 |
       Dungeon |  20981 |  19528 |   1453 |   3494 |  11480 |  14 | 1498.6 |
        Temple |     86 |     76 |     10 |      0 |     58 |   1 |   86.0 |
          Lair |  10624 |  10327 |    297 |   1754 |   6597 |   5 | 2124.8 |
  Orcish Mines |    934 |    917 |     17 |    233 |    380 |   2 |  467.0 |
      Gauntlet |   1786 |   1786 |      0 |   1122 |    333 |   1 | 1786.0 |
               +--------+--------+--------+--------+--------+-----+--------+

Top non-repeatable levels by time:
  Lair:5: 3163 daAuts
     D:9: 3115 daAuts
    D:12: 2494 daAuts
     D:8: 2411 daAuts
    D:11: 2251 daAuts
  Lair:4: 2204 daAuts
    D:10: 2077 daAuts
  Lair:3: 2040 daAuts
  Lair:1: 1796 daAuts
Gauntlet: 1786 daAuts
     D:5: 1471 daAuts
     D:7: 1429 daAuts
  Lair:2: 1418 daAuts
     D:3: 1050 daAuts
    D:13: 989 daAuts
